 Dungeon Crawl Stone Soup version 0.25-a0-292-gaa31f046c4 (webtiles) character file.

Game seed: 14884413022286051612, levelgen mode: deterministic

21 Lanoc the Slasher (level 2, -2/19 HPs)
             Began as a Tengu Monk on Dec 15, 2019.
             Slain by a goblin (4 damage)
             ... on level 2 of the Dungeon.
             The game lasted 00:01:50 (944 turns).

Lanoc the Slasher (Tengu Monk)                       Turns: 944, Time: 00:01:50

Health: -2/19      AC:  2    Str:  5    XL:     2   Next: 87%
Magic:  3/3        EV: 20    Int: 10    God:
Gold:   65         SH:  0    Dex: 24    Spells: 1/1 levels left

rFire    + . .     SeeInvis .   l - -3 hunting sling (curse)
rCold    + . .     Gourm    .   (no shield)
rNeg     . . .     Faith    .   b - +0 robe
rPois    +         Spirit   .   (helmet restricted)
rElec    +         Reflect  .   (no cloak)
rCorr    +         Harm     .   (no gloves)
MR       .....                  (boots unavailable)
Stlth    ++++......             h - amulet of the acrobat
HPRegen  0.06/turn              d - +3 ring of dexterity
MPRegen  0.08/turn              n - -6 ring of strength (curse)

@: agile, resistant
A: beak, talons 3
a: no special abilities


You were on level 2 of the Dungeon.
You were not hungry.

You visited 1 branch of the dungeon, and saw 2 of its levels.

You collected 65 gold pieces.

Inventory:

Hand Weapons
 a - a +0 falchion
 l - a cursed -3 hunting sling (weapon)
Missiles
 j - 69 arrows
Armour
 b - a +0 robe (worn)
Jewellery
 d - a +3 ring of dexterity (left hand)
 h - an amulet of the acrobat (around neck)
 i - a +3 ring of strength
 n - a cursed -6 ring of strength (right hand)
Potions
 e - a potion of flight
 f - a potion of haste
 g - 2 potions of curing
Comestibles
 c - 4 rations
 k - 3 chunks of flesh


   Skills:
 + Level 3.2 Fighting
 * Level 3.9 Long Blades
 + Level 3.6 Dodging
 - Level 2.0 Stealth


You had one spell level left.
You didn't know any spells.
Your spell library was empty.

Dungeon Overview and Level Annotations

Branches:
Dungeon (2/15)

Altars:
Xom


Innate Abilities, Weirdness & Mutations

You have a beak for a mouth.
You have claws for feet.


Message History

You see here 5 gold pieces.
A goblin comes into view.
The goblin shouts!
You closely miss the goblin.
The goblin hits you with a +0 dagger. x2
The goblin shouts!
You clumsily bash the goblin but do no damage.
Your kick misses the goblin. The goblin misses you.
You clumsily bash the goblin but do no damage.
The goblin hits you but does no damage. The goblin hits you with a +0 dagger.
You closely miss the goblin. You claw the goblin.
You kill the goblin!
The goblin hits you.
* * * LOW HITPOINT WARNING * * *
You clumsily bash the goblin but do no damage.
Your peck misses the goblin. The goblin misses you. The goblin hits you.
* * * LOW HITPOINT WARNING * * *
You clumsily bash the goblin but do no damage.
The goblin completely misses you.
You barely miss the goblin. Your kick misses the goblin. The goblin hits you.
You die...

##########
#........#
#........#
#........###
#..$.@g....#
##....)..#...
#.####..#
##รท# .##
#..# # ###.##
#...# #.###
#.# .


You could see a goblin.

Vanquished Creatures
  2 goblins (D:2)
  3 hobgoblins (D:1)
  4 bats (D:1)
  2 frilled lizards (D:1)
  5 kobolds (D:1)
  6 rats
22 creatures vanquished.

Notes
Turn   | Place    | Note
-------+----------+-------------------------------------------
     0 | D:1      | Lanoc the Tengu Monk began the quest for the Orb.
     0 | D:1      | Reached XP level 1. HP: 14/14 MP: 2/2
    93 | D:1      | Reached XP level 2. HP: 17/19 MP: 3/3
   876 | D:2      | Found a shimmering altar of Xom.
   944 | D:2      | Slain by a goblin

Levels and vault maps discovered:
D:1:      dpeg_arrival_rhombus, layout_basic, minmay_misc_feat_x, minivault_26,
          minmay_tetromino_l2
D:2:      layout_rooms, xom_teletrap_fun

Action                   || total
-------------------------++-------
Melee: Falchion          ||    27
       Kick              ||    12
       Hunting sling     ||    14
       Peck              ||     4
  Use: Scroll            ||     4
       Potion            ||     2
 Stab: Sleeping          ||     2
Armor: Robe              ||     5
Dodge: Dodged            ||    38
       Rpst.: Falchion   ||     5

Table legend:
 A = Non-vault XP
 B = Vault XP
 C = Vault XP percentage of total XP
 D = Non-vault monster count
 E = Vault monster count
 F = Vault count percentage of total count
                 A         B        C        D         E       F
            +---------+---------+-------+---------+---------+-------
      Total |      27 |       4 |  12.9 |      20 |       2 |   9.1
            +---------+---------+-------+---------+---------+-------
        D:1 |      22 |       4 |  15.4 |      17 |       2 |  10.5
        D:2 |       5 |       0 |   0.0 |       3 |       0 |   0.0
            +---------+---------+-------+---------+---------+-------
